 Dungeon Crawl Stone Soup version 0.31-a0-1591-g515db51633 (webtiles) character file.

Game seed: 1900790863520711875

163 raph the Sneak (level 5, -2/28 HPs)
             Began as a Kobold Enchanter on Jan 6, 2024.
             Shot with a sling bullet by a goblin (6 damage)
             ... on level 3 of the Dungeon.
             The game lasted 00:06:39 (2860 turns).

raph the Sneak (Kobold Enchanter)                   Turns: 2860, Time: 00:06:39

Health: -2/28      AC:  5    Str:  6    XL:     5   Next: 73%
Magic:  0/8        EV: 15    Int: 16    God:
Gold:   32         SH:  0    Dex: 17    Spells: 3/8 levels left

rFire   + . .        a - +1 dagger
rCold   . . .        (no shield)
rNeg    . . .        b - +0 robe
rPois   +            p - +2 helmet "Meloa" {rPois rF+ Will+}
rElec   .            (no cloak)
rCorr   .            (no gloves)
SInv    .            (no boots)
Will    +....        (no amulet)
Stlth   ++++         (no ring)
HPRegen 0.24/turn    (no ring)
MPRegen 0.11/turn

%: no passive effects
@: attractive
A: small, no large weapons, nightstalker 3
a: no special abilities


You were on level 3 of the Dungeon.
You visited 1 branch of the dungeon, and saw 3 of its levels.

You collected 56 gold pieces.
You spent 24 gold pieces at shops.

Inventory:

Hand Weapons
 a - a +1 dagger (weapon)
 m - a +0 short sword of draining
Armour
 b - a +0 robe (worn)
 p - the +2 helmet "Meloa" (worn) {rPois rF+ Will+}
   (You took it off Robin on level 2 of the Dungeon)

   rF+:       It protects you from fire.
   rPois:     It protects you from poison Will+: It increases your willpower.
Jewellery
 j - an amulet of regeneration
Wands
 n - a wand of polymorph (14)
Scrolls
 d - a scroll of identify
 e - a scroll of noise {unknown}
 g - 3 scrolls of teleportation {unknown}
 i - a scroll of revelation {unknown}
 k - a scroll of blinking {unknown}
 o - a scroll of poison {unknown}
Potions
 f - a potion of berserk rage
 h - a potion of brilliance {unknown}
 l - a potion of attraction


   Skills:
 + Level 3.5 Short Blades
 - Level 2.4 Dodging
 * Level 6.6 Stealth
 - Level 2.1 Spellcasting
 + Level 3.9 Hexes


You had 3 spell levels left.
You knew the following spells:

 Your Spells              Type           Power      Damage    Failure   Level
a - Ensorcelled Hibernat  Hex/Ice        16%        N/A       14%         2
b - Confusing Touch       Hex            14%        N/A       12%         3

Your spell library contained the following spells:

 Spells                   Type           Power      Damage    Failure   Level
 Tukima's Dance           Hex            14%        N/A       12%         3
 Magic Dart               Conj           4%         1d3       21%         1
 Dazzling Flash           Conj/Hex       16%        N/A       26%         3
 Searing Ray              Conj           2%         2d4       30%         2
 Fulminant Prism          Conj/Alch      0%         3d5       90%         4


Dungeon Overview and Level Annotations

Branches:
Dungeon (3/15)

Altars:

Shops:
D:1 *


Innate Abilities, Weirdness & Mutations

You are small and have problems with some larger weapons.
You are completely attuned to the shadows.


Message History

The hobgoblin closely misses you. Something hits you.
The hobgoblin attacks as it pursues you!
The hobgoblin hits you but does no damage.
The goblin hits you but does no damage.
The hobgoblin hits you but does no damage.
Something hits you but does no damage. Something hits you.
Okay, then.
Okay, then.
Okay, then.
You hit the hobgoblin but do no damage. The hobgoblin misses you.
The goblin hits you with a +0 dagger. Something barely misses you.
You barely miss the hobgoblin.
The hobgoblin hits you but does no damage.
The hobgoblin hits you. The goblin hits you but does no damage.
Casting: Ensorcelled Hibernation (safe; 14% risk of failure)
Confirm with . or Enter, or press ? or * to list all spells.
Aiming: Ensorcelled Hibernation (safe; 14% risk of failure)
Press: ? - help, Shift-Dir - straight line, f - hobgoblin
Aim: a hobgoblin (chance to affect: 59%)
The hobgoblin looks drowsy...
Something hits you but does no damage. The hobgoblin closely misses you.
An orc comes into view. It is wielding a +0 hand axe.
The goblin barely misses you.
The helpless hobgoblin fails to defend itself.
You impale the hobgoblin!!
You kill the hobgoblin!
You hear some strange, mumbled words.
A magic dart appears from out of thin air!
The magic dart hits you!
* * * LOW HITPOINT WARNING * * *
The hobgoblin misses you.
It was a potion of attraction.
You feel attractive to monsters. The goblin hits you but does no damage.
Something completely misses you. The rat closely misses you.
The hobgoblin hits you but does no damage.
The goblin unwields a +0 dagger.
The goblin wields a +0 sling.
The goblin shoots a sling bullet.
The sling bullet hits you.
You die...

#..........#..# #....##..##
#............####.†..'.)..#
#...........##..##..##)...#
###.####....#....'#####..##
####.......##.#....##!$
##+#
........#####.##..##.g.
........# >.##'##...J
........# .##rl##...8
......... #@{g.'...g
........# #ggSo##... ##..#+
)[ #### #


You could see an adder, an orc, a hobgoblin, 2 goblins, a frilled lizard and a
rat.

Vanquished Creatures
  An orc wizard (D:3)
  Robin (D:2)
  2 adders
  3 gnolls (D:3)
  3 dart slugs
  A ribbon worm (D:3)
  2 orcs (D:3)
  3 bats
  4 endoplasms
  5 giant cockroaches
  12 goblins
  10 hobgoblins
  4 quokkas
  3 ball pythons
  A frilled lizard (D:1)
  7 kobolds
  4 rats
66 creatures vanquished.

Notes
Turn   | Place    | Note
-------+----------+-------------------------------------------
     0 | D:1      | raph the Kobold Enchanter began the quest for the Orb.
     0 | D:1      | Reached XP level 1. HP: 10/10 MP: 3/3
   299 | D:1      | Reached XP level 2. HP: 15/15 MP: 5/5
   334 | D:1      | Learned a level 2 spell: Ensorcelled Hibernation
   625 | D:1      | Found Mibicw's General Store.
   663 | D:1      | Reached XP level 3. HP: 19/19 MP: 6/6
   939 | D:1      | Reached skill level 5 in Stealth
  1118 | D:1      | Bought a scroll of identify for 24 gold pieces
  1344 | D:2      | Learned a level 3 spell: Confusing Touch
  1521 | D:2      | Reached XP level 4. HP: 19/24 MP: 4/7
  1978 | D:3      | Identified the +2 helmet "Meloa" {rPois rF+ Will+}
  1978 | D:3      | Noticed Robin
  2235 | D:3      | Reached skill level 6 in Stealth
  2239 | D:3      | Reached XP level 5. HP: 28/28 MP: 1/8
  2444 | D:2      | Killed Robin
  2860 | D:3      | Shot with a sling bullet by a goblin

Illustrated notes

Levels and vault maps discovered:
D:1:      lightli_arrival_maybe_door_vault, layout_rooms, serial_shops,
          nicolae_shop_behind_doors, fountainhead, minivault_25
D:2:      layout_basic
D:3:      minmay_bubble_buster, layout_rooms,
          shapermc_ecumenical_altar_mp_urbaneastern,
          gammafunk_ghost_gnarly_gnolls, minivault_25, uniq_jessica, uniq_robin

Skill      XL: |  1  2  3  4 |
---------------+-------------+-----
Short Blades   | 2 3 |  3.5
Stealth        | 5 6 |  6.6
Dodging        | |  2.4
Spellcasting   | |  2.1
Hexes          | |  3.9

Action                     |  1- 3 |  4- 6 || total
---------------------------+-------+-------++-------
  Melee: Dagger            |   100 |   101 ||   201
         Punch             |       |     2 ||     2
   Cast: Ensorcelled Hiber |     9 |    32 ||    41
         Confusing Touch   |     1 |     2 ||     3
    Use: Scroll            |     1 |       ||     1
         Potion            |       |     3 ||     3
   Stab: Sleeping          |    18 |    19 ||    37
         Distracted        |     1 |     1 ||     2
         Confused          |     1 |       ||     1
         Invisible         |       |     1 ||     1
 Armour: Robe              |    32 |    83 ||   115
  Dodge: Dodged            |    71 |    98 ||   169

Table legend: (Time is in decaauts)
 A = Elapsed time spent in this place.
 B = Non-inter-level travel time spent in this place.
 C = Inter-level travel time spent in this place.
 D = Time resting spent in this place.
 E = Time spent auto-exploring this place.
 F = Levels seen in this place.
 G = Mean time per level.
                   A        B        C        D        E       F      G
               +--------+--------+--------+--------+--------+-----+--------+
         Total |   2836 |   2545 |    291 |    746 |   1165 |   3 |  945.3 |
       Dungeon |   2836 |   2545 |    291 |    746 |   1165 |   3 |  945.3 |
               +--------+--------+--------+--------+--------+-----+--------+

Top non-repeatable levels by time:
     D:1: 1210 daAuts
     D:2: 1135 daAuts
     D:3: 490 daAuts
